 Dungeon Crawl Stone Soup version 0.19.5 (webtiles) character file.

312 JNO the Cudgeler (level 6, 0/61 HPs)
             Began as a Troll Fighter on Mar 14, 2017.
             Succumbed to an orc wizard's poison
             ... on level 4 of the Dungeon.
             The game lasted 00:11:33 (2494 turns).

JNO the Cudgeler (Troll Fighter)                    Turns: 2494, Time: 00:11:34

Health: 0/61       AC:  5    Str: 25    XL:     6   Next: 18%
Magic:  5/5        EV:  9    Int:  4    God:
Gold:   170        SH: 10    Dex: 11    Spells: 0 memorised, 5 levels left

rFire  + . .     SeeInvis .     a - +0 flail
rCold  x . .     Gourm    +     b - +0 robe
rNeg   . . .     Faith    .     c - +1 shield
rPois  .         Spirit   .     (helmet restricted)
rElec  .         Reflect  .     (no cloak)
rCorr  .         Harm     .     (gloves unavailable)
MR     .....                    (boots unavailable)
Stlth  +.........               (no amulet)
                                (no ring)
                                i - ring of fire

@: lethally poisoned (0 -> -18)
A: unfitting armour, claws 3, fast metabolism 3, gourmand, sense surroundings 1,
regeneration 1, shaggy fur 1, tough skin 2
a: no special abilities


You were on level 4 of the Dungeon.
You were completely stuffed.

You visited 1 branch of the dungeon, and saw 4 of its levels.

You collected 170 gold pieces.

Inventory:

Hand Weapons
 a - a +0 flail (weapon)
Missiles
 j - 108 stones (quivered)
Armour
 b - a +0 robe (worn)
 c - a +1 shield (worn)
Jewellery
 i - a ring of fire (left claw)
 z - a cursed ring of loudness {unknown}
Scrolls
 e - a scroll of blinking {unknown}
 h - 2 scrolls of identify
 n - a scroll of remove curse
Potions
 d - a potion of might
 g - a potion of brilliance
 m - a potion of beneficial mutation
 p - a potion of flight {unknown}
 s - 2 potions of lignification {unknown}
 t - a potion of ambrosia {unknown}
 v - a potion of curing {unknown}
 x - a potion of haste {unknown}
Books
 w - a book of Misfortune

   Spells                             Type                      Level
   a - Confusing Touch                Hexes                        1
   b - Confuse                        Hexes                        3
   c - Gell's Gravitas                Hexes/Translocation          3
   d - Petrify                        Transmutation/Earth          4
   e - Metabolic Englaciation         Hexes/Ice                    5
   f - Yara's Violent Unravelling     Hexes/Transmutation          5
Comestibles
 f - 8 bread rations
 k - 3 fruits
 o - a meat ration


   Skills:
 + Level 3.4 Fighting
 + Level 3.9 Maces & Flails
 + Level 3.4 Dodging
 + Level 3.2 Shields


You had 5 spell levels left.
You didn't know any spells.

Dungeon Overview and Level Annotations

Branches:
Dungeon (4/15)
 Temple: D:4-7

Altars:
Trog

Annotations:
D:3 exclusion: downstairs


Innate Abilities, Weirdness & Mutations

You are too large for most types of armour.
You have claws for hands.
Your metabolism is lightning-fast.
You like to eat raw meat.
Your natural rate of healing is unusually fast.
You are covered in fur. (AC +1)
You have very tough skin. (AC +2)
You passively map a small area around you.


Message History

You hit the orc wizard but do no damage.
* * * LOW HITPOINT WARNING * * *
You feel very sick. You block the orc wizard's attack.
The orc closely misses you.
The orc wizard hits you with a dagger of venom.
* * * LOW HITPOINT WARNING * * *
The orc hits you but does no damage. The orc hits you with a whip.
* * * LOW HITPOINT WARNING * * *
You closely miss the orc wizard.
* * * LOW HITPOINT WARNING * * *
You feel very sick. You block the orc wizard's attack.
The orc barely misses you. The orc hits you but does no damage.
The orc wizard gestures at you while chanting.
The magic dart hits you!
* * * LOW HITPOINT WARNING * * *
It was a potion of beneficial mutation.
You feel a strange attunement to the structure of the dungeons.
You feel fantastic!
You die...

# #######...#### #.#
# #...†........# #.#
# #.#####...##.## #.#
# #.# ##.##...## #.#
#######.#
#.#.....###.#
........#
#...........#
#########
###.....##### ..#
##.#o..######
#.#######
##..@#.......# .
#........
#...[oo.)....# ####..
#..###### *
##...#######.###.....
#..# ##.## #..o.o..o.
...# * #.# #.###....o
#.## #.# #[# ####..
#.# * #/# #.# . #.# ,
#.# #.# #.# #.# #.# ,


You could see an orc wizard and 2 orcs.

Vanquished Creatures
  A scorpion (D:4)
  2 orc priests (D:4)
  2 worker ants (D:4)
  6 adders
  4 dart slugs
  4 worms
  4 leopard geckos
  3 orcs (D:3)
  A ball python (D:3)
  5 bats
  4 giant cockroaches
  11 goblins
  6 hobgoblins
  4 jackals (D:2)
  5 kobolds
  A quokka (D:3)
  A frilled lizard (D:2)
  11 rats
75 creatures vanquished.

Notes
Turn   | Place    | Note
-------+----------+-------------------------------------------
     0 | D:1      | JNO the Troll Fighter began the quest for the Orb.
     0 | D:1      | Reached XP level 1. HP: 22/22 MP: 0/0
   291 | D:1      | You fall through a shaft!
   299 | D:2      | Reached XP level 2. HP: 25/29 MP: 1/1
   741 | D:1      | Reached XP level 3. HP: 34/36 MP: 2/2
  1371 | D:2      | Reached XP level 4. HP: 40/44 MP: 3/3
  1711 | D:3      | Noticed a moth of wrath
  1714 | D:3      | Found a bloodstained altar of Trog.
  1917 | D:3      | Reached XP level 5. HP: 49/53 MP: 4/4
  2140 | D:4      | Noticed an ogre
  2484 | D:4      | Reached XP level 6. HP: 35/61 MP: 5/5
  2493 | D:4      | HP: 2/61 [orc wizard/magic dart (6)]
  2494 | D:4      | Gained mutation: You passively map a small area around you. [potion of beneficial mutation]
  2494 | D:4      | Succumbed to an orc wizard's poison

Skill      XL: |  1  2  3  4  5 |
---------------+----------------+-----
Maces & Flails | 2 3 |  3.9
Fighting       | 3 |  3.4
Dodging        | 3 |  3.4
Shields        | 3 |  3.2

Action                   |  1- 3 |  4- 6 || total
-------------------------+-------+-------++-------
Melee: Flail             |   125 |   132 ||   257
  Use: Scroll            |       |     7 ||     7
       Potion            |       |     3 ||     3
  Eat: Chunk             |    17 |    12 ||    29
Armor: Robe              |    65 |    41 ||   106
Dodge: Dodged            |    50 |    38 ||    88
Block: Shield            |    71 |    62 ||   133
